 Dungeon Crawl Stone Soup version 0.29-a0-43-g62a80824bf (webtiles) character file.

Game seed: 10941096345508996150

21 HallandMoats the Skirmisher (level 2, 0/21 HPs)
             Began as an Octopode Fighter on Feb 3, 2022.
             Was a Follower of Kikubaaqudgha.
             Slain by a goblin (4 damage)
             ... on level 1 of the Dungeon.
             The game lasted 00:00:44 (439 turns).

HallandMoats the Skirmisher (Octopode Fighter)       Turns: 439, Time: 00:00:45

Health: 0/21       AC:  1    Str: 15    XL:     2   Next: 83%
Magic:  2/2        EV: 13    Int: 10    God:    Kikubaaqudgha [*.....]
Gold:   15         SH:  4    Dex: 11    Spells: 1/1 levels left

rFire   . . .      SeeInvis .   a - +0 trident
rCold   . . .      Faith    .   b - +0 buckler
rNeg    . . .      Spirit   .   (helmet restricted)
rPois   .          Reflect  .   (no amulet)
rElec   .          Harm     .   (no ring)
rCorr   .          Rampage  .   (no ring)
Will    .....                   (no ring)
Stlth   ++........              (no ring)
HPRegen 0.07/turn               (no ring)
MPRegen 0.08/turn               (no ring)
                                (no ring)
                                (no ring)

@: no status effects
A: almost no armour, amphibious, 8 rings, camouflage 1, gelatinous body 1,
(nimble swimmer 1), tentacles
a: Renounce Religion, Receive Corpses


You were on level 1 of the Dungeon.
You worshipped Kikubaaqudgha.
Kikubaaqudgha was aware of your devotion.
You visited 1 branch of the dungeon, and saw 1 of its levels.

You collected 15 gold pieces.

Inventory:

Hand Weapons
 a - a +0 trident (weapon)
Armour
 b - a +0 buckler (worn)
Jewellery
 e - an amulet of reflection
Potions
 c - a potion of might
 d - a potion of curing {unknown}


   Skills:
 * Level 3.2 Fighting
 * Level 2.3 Polearms
 + Level 3.1 Dodging
 + Level 3.1 Shields
 * Level 1.1 Invocations


You had one spell level left.
You didn't know any spells.
Your spell library contained the following spells:

 Spells                   Type           Power      Damage    Failure   Level
 Animate Skeleton         Necr           0%         N/A       45%         1
 Sublimation of Blood     Necr           0%         N/A       58%         2
 Vampiric Draining        Necr           0%         2d6       83%         3
 Agony                    Necr           0%         N/A       100%        5


Dungeon Overview and Level Annotations

Branches:
Dungeon (1/15)

Altars:
Kikubaaqudgha


Innate Abilities, Weirdness & Mutations

You cannot wear most types of armour.
You are amphibious.
You can wear up to eight rings at the same time.
Your skin changes colour to match your surroundings (Stealth+).
Your rubbery body absorbs attacks. (AC +1, EV +1)
((You are camouflaged when in or above water. (Stealth+)))
You have tentacles for arms and can constrict up to eight enemies at once.


Message History

A jackal is nearby!
You reach to attack!
The helpless jackal fails to defend itself.
You puncture the jackal!
You kill the jackal!
Kikubaaqudgha accepts your kill.
No target in view!
A goblin comes into view. It is wielding a +0 club.
A goblin is nearby!
A goblin is nearby!
A goblin is nearby!
A goblin is nearby!
You block the goblin's attack. The goblin barely misses you.
The goblin misses you. The goblin hits you with a +0 club.
You block the goblin's attack. The goblin barely misses you.
The goblin hits you with a +0 club. The goblin closely misses you.
The goblin completely misses you. The goblin barely misses you.
The goblin hits you with a +0 club. You block the goblin's attack.
The goblin hits you with a +0 club. The goblin hits you with a +0 club.
You block the goblin's attack. The goblin barely misses you.
The goblin hits you with a +0 club. The goblin barely misses you.
The goblin hits you with a +0 club. The goblin hits you with a +0 club.
* * * LOW HITPOINT WARNING * * *
The goblin closely misses you. The goblin misses you.
You block the goblin's attack. You block the goblin's attack.
The goblin hits you with a +0 club.
You die...
Kikubaaqudgha rasps: "You have failed me!
Welcome... death!"

. ...
#..#############
#......#......#
#.@...####.##
#$g##..#.....# ##.
#....##..#
..##..####..# ..
.......####..# #.
#######....†..###
#.## ####.......# #
#.#
#..#######....†##.#.#
.##.#
#...#.....)....#....#


You could see a goblin.

Vanquished Creatures
  2 ball pythons (D:1)
  2 endoplasms (D:1)
  4 hobgoblins (D:1)
  A jackal (D:1)
  A quokka (D:1)
  A frilled lizard (D:1)
  2 goblins (D:1)
  2 kobolds (D:1)
  4 rats (D:1)
19 creatures vanquished.

Notes
Turn   | Place    | Note
-------+----------+-------------------------------------------
     0 | D:1      | HallandMoats the Octopode Fighter began the quest for the
                  | Orb.
     0 | D:1      | Reached XP level 1. HP: 16/16 MP: 1/1
    86 | D:1      | Reached XP level 2. HP: 13/21 MP: 2/2
   307 | D:1      | Reached skill level 1 in Invocations
   308 | D:1      | Found a faded altar of an unknown god.
   346 | D:1      | Prayed at the altar of an unknown god.
   346 | D:1      | Became a worshipper of Kikubaaqudgha
   346 | D:1      | Reached * piety under Kikubaaqudgha
   346 | D:1      | Received a gift from Kikubaaqudgha
   439 | D:1      | Slain by a goblin

Illustrated notes

Levels and vault maps discovered:
D:1:      scummos_arrival_forest, layout_loops_cross,
          ebering_ecumenical_altar_sacrificial, moated_statue,
          minmay_pentomino_u2

Skill      XL: |  1  2 |
---------------+-------+-----
Invocations    | 1 |  1.1
Fighting       | |  3.2
Polearms       | |  2.3
Dodging        | |  3.1
Shields        | |  3.1

Action                   || total
-------------------------++-------
Melee: Trident           ||    34
       Tentacles         ||     7
       Constrict         ||     5
 Stab: Sleeping          ||     5
Armor: Skin              ||     1
Dodge: Dodged            ||    21
Block: Buckler           ||    12

Table legend: (Time is in decaauts)
 A = Elapsed time spent in this place.
 B = Non-inter-level travel time spent in this place.
 C = Inter-level travel time spent in this place.
 D = Time resting spent in this place.
 E = Time spent auto-exploring this place.
 F = Levels seen in this place.
 G = Mean time per level.
                   A        B        C        D        E       F      G
               +--------+--------+--------+--------+--------+-----+--------+
         Total |    446 |    446 |      0 |      0 |    312 |   1 |  446.0 |
       Dungeon |    446 |    446 |      0 |      0 |    312 |   1 |  446.0 |
               +--------+--------+--------+--------+--------+-----+--------+

Top non-repeatable levels by time:
     D:1: 446 daAuts
